 Dungeon Crawl Stone Soup version 0.30-a0-335-ge5acde7520 (webtiles) character file.

Game seed: 10740321925375912241

208 Lobster4 the Covered (level 6, -10/47 HPs)
             Began as a Human Wanderer on Oct 30, 2022.
             Mangled by an ogre
             ... wielding a +0 giant club
              (13 damage)
             ... on level 3 of the Dungeon.
             The game lasted 00:09:41 (2269 turns).

Lobster4 the Covered (Human Wanderer)               Turns: 2269, Time: 00:09:41

Health: -10/47     AC: 11    Str: 14    XL:     6   Next: 11%
Magic:  7/7        EV:  7    Int: 15    God:
Gold:   217        SH:  0    Dex: 16    Spells: 6/7 levels left

rFire   . . .      SeeInvis +    b - +0 sling
rCold   . . .      Faith    .    (no shield)
rNeg    . . .      Spirit   .    d - +0 chain mail
rPois   .          Reflect  .    (no helmet)
rElec   .          Harm     .    (no cloak)
rCorr   .          Rampage  .    i - +0 pair of gloves
Will    .....                    (no boots)
Stlth   ..........               (no amulet)
HPRegen 0.27/turn                j - +6 ring of dexterity
MPRegen 0.10/turn                k - ring of see invisible

@: no status effects
A: no striking features
a: no special abilities


You were on level 3 of the Dungeon.
You visited 1 branch of the dungeon, and saw 4 of its levels.

You collected 217 gold pieces.

Inventory:

Hand Weapons
 a - a +0 club
 b - a +0 sling (weapon)
 e - a +0 dagger
Missiles
 f - 3 javelins
 g - 23 stones
 r - 2 boomerangs
Armour
 d - a +0 chain mail (worn)
 i - a +0 pair of gloves (worn)
Jewellery
 j - a +6 ring of dexterity (left hand)
 k - a ring of see invisible (right hand)
 m - a ring of flight
Scrolls
 h - a scroll of vulnerability {unknown}
 n - a scroll of blinking {unknown}
 p - a scroll of magic mapping
 q - a scroll of teleportation {unknown}
 t - a scroll of poison {unknown}
Potions
 c - 3 potions of curing
 l - 4 potions of attraction {unknown}
 o - a potion of resistance


   Skills:
 + Level 3.2 Fighting
 - Level 1.0 Maces & Flails
 + Level 1.3 Ranged Weapons
 - Level 6.0 Armour
 - Level 2.0 Dodging
 - Level 1.0 Stealth
 - Level 1.0 Spellcasting
 - Level 1.0 Translocations
 - Level 1.0 Evocations


You had 6 spell levels left.
You knew the following spells:

 Your Spells              Type           Power      Damage    Failure   Level
a - Apportation           Tloc           6%         N/A       97%         1

Your spell library contained the following spells:

 Spells                   Type           Power      Damage    Failure   Level
 Sandblast                Erth           0%         2d4       99%         1
 Ensorcelled Hibernation  Hex/Ice        0%         N/A       100%        2
 Passwall                 Tmut/Erth      0%         N/A       100%        2
 Gell's Gravitas          Tloc           3%         N/A       100%        3
 Lesser Beckoning         Tloc           6%         N/A       100%        3
 Portal Projectile        Hex/Tloc       4%         N/A       100%        3
 Stone Arrow              Conj/Erth      0%         3d7       100%        3
 Swiftness                Air            0%         N/A       100%        3
 Teleport Other           Tloc           3%         N/A       100%        3


Dungeon Overview and Level Annotations

Branches:
Dungeon (4/15)
 Temple: D:4-7

Altars:


Message History

The ogre hits you with a +0 giant club.
Fire: b) +0 sling
Press: ? - help, Q - select action, (/) - cycle Shift-Dir - straight line, f/p - ogre
Aim: an ogre, wielding a +0 giant club (severely wounded, 73% to hit)
You shoot a sling bullet. The sling bullet hits the ogre.
The ogre is almost dead.
The ogre hits you but does no damage.
Fire: b) +0 sling
Press: ? - help, Q - select action, (/) - cycle Shift-Dir - straight line, f/p - ogre
Aim: an ogre, wielding a +0 giant club (almost dead, 73% to hit)
You shoot a sling bullet.
The sling bullet hits the ogre but does no damage.
The ogre is almost dead.
You feel less wooden.
Your +0 pair of gloves unmelds from your body.
Your +0 chain mail unmelds from your body.
Fire: b) +0 sling
Press: ? - help, Q - select action, (/) - cycle Shift-Dir - straight line, f/p - ogre
Aim: an ogre, wielding a +0 giant club (almost dead, 73% to hit)
You shoot a sling bullet.
The sling bullet barely misses the ogre.
The ogre hits you with a +0 giant club!!
* * * LOW HITPOINT WARNING * * *
The ogre hits you but does no damage.
Fire: b) +0 sling
Press: ? - help, Q - select action, (/) - cycle Shift-Dir - straight line, f/p - ogre
Aim: an ogre, wielding a +0 giant club (almost dead, 73% to hit)
You shoot a sling bullet.
The sling bullet hits the ogre but does no damage.
The ogre is almost dead.
The ogre hits you with a +0 giant club.
* * * LOW HITPOINT WARNING * * *
Fire: b) +0 sling
Press: ? - help, Q - select action, (/) - cycle Shift-Dir - straight line, f/p - ogre
Aim: an ogre, wielding a +0 giant club (almost dead, 73% to hit)
You shoot a sling bullet.
The sling bullet hits the ogre but does no damage.
The ogre is almost dead.
The ogre hits you with a +0 giant club!
You die...

#........# ########## #........#
#.)......# #........# #.######.#
#........# #.# #.# #........#
######.######.# #.........
##..........##.# ###########.....
.'..........##.###.........#.....
##..........##.#@..........#)....
#..........'..#.O......~~.#.....
#..........####........⌠~.......
#..........# #.......~.~....###
##########.# #............#.# #
#.# #..........#.#.# # #.#
#..........#.#.# #.#
#..........#.#.# #.#
#..........#.#.#


You could see an ogre.

Vanquished Creatures
  Natasha (thrice) (D:2)
  6 adders
  3 worms
  6 ball pythons
  5 endoplasms
  3 giant cockroaches
  13 goblins
  5 hobgoblins
  8 jackals (D:1)
  5 kobolds
  4 quokkas
  2 bats
  A frilled lizard (D:3)
  8 rats
72 creatures vanquished.

Notes
Turn   | Place    | Note
-------+----------+-------------------------------------------
     0 | D:1      | Lobster4 the Human Wanderer began the quest for the Orb.
     0 | D:1      | Lobster4 set off with the following items: a +0 club, a
                  | potion of lignification, a potion of heal wounds, a +0
                  | chain mail; and the following spell memorised: Apportation;
                  | and the following spells available to memorise: Portal
                  | Projectile.
     0 | D:1      | Reached XP level 1. HP: 13/13 MP: 2/2
   188 | D:1      | Reached XP level 2. HP: 19/20 MP: 3/3
   342 | D:1      | Reached skill level 1 in Fighting
   533 | D:1      | Reached XP level 3. HP: 24/26 MP: 4/4
   753 | D:2      | Noticed Natasha
   901 | D:2      | Killed Natasha
   902 | D:2      | Reached XP level 4. HP: 15/33 MP: 5/5
  1209 | D:2      | Noticed Natasha
  1373 | D:2      | Killed Natasha
  1374 | D:2      | Reached skill level 1 in Maces & Flails
  1374 | D:2      | Reached XP level 5. HP: 39/39 MP: 6/6
  1382 | D:2      | Noticed Natasha
  1389 | D:2      | Killed Natasha
  1768 | D:3      | Reached skill level 6 in Armour
  1992 | D:3      | Reached skill level 1 in Ranged Weapons
  1992 | D:3      | Reached XP level 6. HP: 46/47 MP: 7/7
  2248 | D:4      | Noticed an ogre
  2268 | D:3      | HP: 2/47 [ogre/+0 giant club (3)]
  2269 | D:3      | Mangled by an ogre

Illustrated notes

Levels and vault maps discovered:
D:1:      eino_arrival_cavern_e, layout_rooms
D:2:      layout_rooms, minmay_goblin_outpost, uniq_natasha
D:3:      layout_basic, corexii_leaking_fountain, kennysheep_small_spiral
D:4:      layout_basic, minmay_ruined_shrine

Skill      XL: |  1  2  3  4  5 |
---------------+----------------+-----
Fighting       | 1 2 3 |  3.2
Dodging        | 2 |  2.0
Maces & Flails | 1 |  1.0
Armour         | 6 |  6.0
Ranged Weapons | 1 |  1.3
Stealth        | |  1.0
Spellcasting   | |  1.0
Translocations | |  1.0
Evocations     | |  1.0

Action                   |  1- 3 |  4- 6 || total
-------------------------+-------+-------++-------
Melee: Club              |   165 |   122 ||   287
       Punch             |       |     2 ||     2
 Fire: Sling             |       |   114 ||   114
Throw: Javelin           |       |    10 ||    10
       Stone             |       |    11 ||    11
 Cast: Apportation       |       |     1 ||     1
  Use: Potion            |     2 |     1 ||     3
       Scroll            |       |     4 ||     4
Armor: Chain mail        |   117 |   157 ||   274
       Skin              |     8 |     2 ||    10
Dodge: Dodged            |    64 |   112 ||   176

Table legend: (Time is in decaauts)
 A = Elapsed time spent in this place.
 B = Non-inter-level travel time spent in this place.
 C = Inter-level travel time spent in this place.
 D = Time resting spent in this place.
 E = Time spent auto-exploring this place.
 F = Levels seen in this place.
 G = Mean time per level.
                   A        B        C        D        E       F      G
               +--------+--------+--------+--------+--------+-----+--------+
         Total |   2456 |   2305 |    151 |    200 |   1091 |   4 |  614.0 |
       Dungeon |   2456 |   2305 |    151 |    200 |   1091 |   4 |  614.0 |
               +--------+--------+--------+--------+--------+-----+--------+

Top non-repeatable levels by time:
     D:1: 901 daAuts
     D:2: 901 daAuts
     D:3: 639 daAuts
     D:4: 14 daAuts
